SKY
CLEVELAND INDIANS @ PITTSBURGH PIRATES
09/05/2051
 
TOP OF THE 1ST
Cleveland Indians batting - Pitching for Pittsburgh Pirates : LHP Flynn Yin
Pitching: LHP Flynn Yin
Batting: RHB Chia-Wei Ni 0-0: Called Strike
0-1: Ball
1-1: Ball
2-1: Swinging Strike
2-2: Foul Ball, location: 9LMF
2-2: Ball
3-2: Ground out 4-3 (Groundball, 4MS, EV 88.1 MPH)
Batting: RHB Antony Olguin 0-0: Called Strike
0-1: Ball
1-1: Ball
2-1: Ball
3-1: Called Strike
3-2: Fly out, F8 (Flyball, 8LXD, EV 88.1 MPH)
Batting: LHB Jonathan DeMarino 0-0: Fly out, F9 (Flyball, 9LS, EV 93.8 MPH)
Top of the 1st over - 0 runs, 0 hits, 0 errors, 0 left on base; Cleveland 0 - Pittsburgh 0
BOTTOM OF THE 1ST
Pittsburgh Pirates batting - Pitching for Cleveland Indians : RHP Dusty Sloan
Pitching: RHP Dusty Sloan
Batting: LHB Dan Crain 0-0: Bunt for hit to 15 - play at first, batter OUT! 1-3
Batting: RHB David Dudley 0-0: Called Strike
0-1: Ball
1-1: Ball
2-1: Called Strike
2-2: Foul Ball, location: 2F
2-2: Foul Ball, location: 5FF
2-2: SINGLE (Groundball, 56S, EV 70.0 MPH) (infield hit)
Batting: LHB Jim Lunsford 0-0: Ball
1-0: Ball
2-0: SINGLE (Flyball, 8LS, EV 100.0 MPH)
David Dudley to second
Batting: LHB Eric Gehman 0-0: Ball
1-0: Foul Ball, location: 2F
1-1: Ball
2-1: Foul Ball, location: 3SF
2-2: Strikes out swinging
Batting: RHB Chet Ross 0-0: Ball
1-0: Swinging Strike
1-1: SINGLE (Flyball, 56D, EV 86.9 MPH)
David Dudley to third
Jim Lunsford to second
Runner from 3rd tries for Home, SAFE, throw by LF to home
Batting: SHB Michael Shatley 0-0: Fly out, F9 (Flyball, 9S, EV 92.5 MPH)
Bottom of the 1st over - 1 run, 3 hits, 0 errors, 2 left on base; Cleveland 0 - Pittsburgh 1
TOP OF THE 2ND
Cleveland Indians batting - Pitching for Pittsburgh Pirates : LHP Flynn Yin
Batting: RHB Franklin Bailey 0-0: Called Strike
0-1: Swinging Strike
0-2: Ball
1-2: Strikes out swinging
Batting: LHB Harrison Waite 0-0: Ball
1-0: Called Strike
1-1: Ball
2-1: Fly out, F6 (Popup, 6MS, EV 82.5 MPH)
Batting: LHB Anibal Gaines 0-0: Ball
1-0: Ground out 3-1 (Groundball, 34S, EV 91.3 MPH)
Top of the 2nd over - 0 runs, 0 hits, 0 errors, 0 left on base; Cleveland 0 - Pittsburgh 1
BOTTOM OF THE 2ND
Pittsburgh Pirates batting - Pitching for Cleveland Indians : RHP Dusty Sloan
Batting: LHB Rey Esparza 0-0: Called Strike
0-1: Foul Ball, location: 3F
0-2: Strikes out swinging
Batting: LHB Chase Veliz 0-0: Foul Ball, location: 5F
0-1: Ground out 4-3 (Groundball, 4, EV 98.8 MPH)
Batting: RHB Caleb Phillips 0-0: Swinging Strike
0-1: Called Strike
0-2: Ground out 4-3 (Groundball, 4, EV 89.4 MPH)
Bottom of the 2nd over - 0 runs, 0 hits, 0 errors, 0 left on base; Cleveland 0 - Pittsburgh 1
TOP OF THE 3RD
Cleveland Indians batting - Pitching for Pittsburgh Pirates : LHP Flynn Yin
Batting: RHB Uriel Roberts 0-0: Ball
1-0: Ground out 5-3 (Groundball, P, EV 83.1 MPH)
Batting: RHB Cory Martínez 0-0: Called Strike
0-1: Swinging Strike
0-2: Ball
1-2: Foul Ball, location: 2F
1-2: Strikes out swinging
Batting: LHB Paquito Peña 0-0: Called Strike
0-1: Swinging Strike
0-2: Foul Ball, location: 2F
0-2: Ball
1-2: Ball
2-2: Foul Ball, location: 7LDF
2-2: SINGLE (Line Drive, 8LS, EV 91.3 MPH)
Batting: RHB Chia-Wei Ni 0-0: Ball
1-0: Ball
2-0: Foul Ball, location: 9LMF
2-1: Ball
3-1: Base on Balls
Paquito Peña to second
Batting: RHB Antony Olguin 0-0: Swinging Strike
0-1: Ball
1-1: Swinging Strike
1-2: Ball
2-2: Strikes out looking
Top of the 3rd over - 0 runs, 1 hit, 0 errors, 2 left on base; Cleveland 0 - Pittsburgh 1
BOTTOM OF THE 3RD
Pittsburgh Pirates batting - Pitching for Cleveland Indians : RHP Dusty Sloan
Batting: LHB Dan Crain 0-0: Ball
1-0: Bunted foul
1-1: Ball
2-1: Ground out 4-3 (Groundball, 4D, EV 98.1 MPH)
Batting: RHB David Dudley 0-0: Ball
1-0: Swinging Strike
1-1: Ball
2-1: Ball
3-1: Fly out, F8 (Line Drive, 8RD, EV 88.8 MPH)
Batting: LHB Jim Lunsford 0-0: Ball
1-0: Called Strike
1-1: Called Strike
1-2: Strikes out looking
Bottom of the 3rd over - 0 runs, 0 hits, 0 errors, 0 left on base; Cleveland 0 - Pittsburgh 1
TOP OF THE 4TH
Cleveland Indians batting - Pitching for Pittsburgh Pirates : LHP Flynn Yin
Batting: LHB Jonathan DeMarino 0-0: Ball
1-0: Ball
2-0: Foul Ball, location: 7LMF
2-1: Called Strike
2-2: Foul Ball, location: 2F
2-2: Ball
3-2: Foul Ball, location: 3FF
3-2: Base on Balls
Batting: RHB Franklin Bailey 0-0: Grounds into double play, 6-4-3 (Groundball, 6M, EV 82.5 MPH)
Batting: LHB Harrison Waite 0-0: Swinging Strike
0-1: SINGLE (Line Drive, 7LS, EV 92.5 MPH)
Batting: LHB Anibal Gaines 0-0: Ground out 4-3 (Groundball, 34, EV 83.8 MPH)
Top of the 4th over - 0 runs, 1 hit, 0 errors, 1 left on base; Cleveland 0 - Pittsburgh 1
BOTTOM OF THE 4TH
Pittsburgh Pirates batting - Pitching for Cleveland Indians : RHP Dusty Sloan
Batting: LHB Eric Gehman 0-0: DOUBLE (Flyball, 78D, EV 90.6 MPH)
Batting: RHB Chet Ross 0-0: Ball
1-0: Ball
2-0: Called Strike
2-1: Ground out U3 (Groundball, 34, EV 106.9 MPH)
Eric Gehman to third
Batting: SHB Michael Shatley 0-0: Called Strike
0-1: Foul Ball, location: 2F
0-2: Strikes out swinging
Batting: LHB Rey Esparza 0-0: Called Strike
0-1: Ball
1-1: Ball
2-1: SINGLE (Line Drive, 6D, EV 107.5 MPH)
Eric Gehman scores
Batting: LHB Chase Veliz 0-0: Foul Ball, location: 23FF
0-1: Ball
1-1: Ball
2-1: Foul Ball, location: 2F
2-2: Foul Ball, location: 3F
2-2: SINGLE (Line Drive, 34D, EV 100.6 MPH)
Rey Esparza to second
Runner from 2nd tries for 3rd, SAFE, no throw by RF
Batting: RHB Caleb Phillips 0-0: Ball
1-0: Swinging Strike
1-1: Ball
2-1: Ball
3-1: Called Strike
3-2: Strikes out swinging
Bottom of the 4th over - 1 run, 3 hits, 0 errors, 2 left on base; Cleveland 0 - Pittsburgh 2
TOP OF THE 5TH
Cleveland Indians batting - Pitching for Pittsburgh Pirates : LHP Flynn Yin
Batting: RHB Uriel Roberts 0-0: Called Strike
0-1: Ball
1-1: Swinging Strike
1-2: Ball
2-2: Strikes out swinging
Batting: RHB Cory Martínez 0-0: Called Strike
0-1: Foul Ball, location: 2F
0-2: Strikes out swinging
Batting: LHB Paquito Peña 0-0: Ball
1-0: Ball
2-0: Called Strike
2-1: Called Strike
2-2: Ball
3-2: Foul Ball, location: 5F
3-2: SINGLE (Groundball, 4MD, EV 106.9 MPH)
Batting: RHB Chia-Wei Ni 0-0: Foul Ball, location: 2LF
0-1: Ball
1-1: Called Strike
1-2: Ball
2-2: Ball
3-2: Strikes out swinging
Top of the 5th over - 0 runs, 1 hit, 0 errors, 1 left on base; Cleveland 0 - Pittsburgh 2
BOTTOM OF THE 5TH
Pittsburgh Pirates batting - Pitching for Cleveland Indians : RHP Dusty Sloan
Batting: LHB Dan Crain 0-0: Ball
1-0: SINGLE (Line Drive, 8RS, EV 95.6 MPH)
Batting: RHB David Dudley 0-0: Ground out 4-3 (Groundball, 4, EV 96.9 MPH)
Dan Crain to second
Batting: LHB Jim Lunsford 0-0: Swinging Strike
0-1: Foul Ball, location: 7LSF
0-2: Strikes out swinging
Batting: LHB Eric Gehman 0-0: Swinging Strike
0-1: Ball
1-1: Ball
2-1: Foul Ball, location: 2F
2-2: Ground out 6-3 (Groundball, 6, EV 110.0 MPH)
Bottom of the 5th over - 0 runs, 1 hit, 0 errors, 1 left on base; Cleveland 0 - Pittsburgh 2
TOP OF THE 6TH
Cleveland Indians batting - Pitching for Pittsburgh Pirates : LHP Flynn Yin
Batting: RHB Antony Olguin 0-0: Ball
1-0: SINGLE (Groundball, 4MD, EV 110.0 MPH)
Batting: LHB Jonathan DeMarino 0-0: Ball
1-0: Ball
2-0: Ball
3-0: Called Strike
3-1: Called Strike
3-2: Foul Ball, location: 3FF
3-2: SINGLE (Line Drive, 8RS, EV 101.3 MPH)
Antony Olguin to second
Runner from 2nd tries for 3rd, SAFE, throw by CF made to third
Batting: RHB Franklin Bailey 0-0: Ball
1-0: Foul Ball, location: 3SF
1-1: Called Strike
1-2: Strikes out swinging
Batting: LHB Harrison Waite 0-0: Foul Ball, location: 3F
0-1: Ball
1-1: Fielders Choice at 2nd, 1-6 (Groundball, 34S, EV 71.3 MPH)
Batting: LHB Anibal Gaines 0-0: Ball
1-0: Foul Ball, location: 2F
1-1: Foul Ball, location: 2F
1-2: Ball
2-2: Foul Ball, location: 2F
2-2: Ball
3-2: SINGLE (Flyball, 9S, EV 91.9 MPH)
Antony Olguin scores
Harrison Waite to second
Harrison Waite to third
Pitching: RHP B.J. Álvarez
Batting: RHB Uriel Roberts 0-0: Ball
1-0: Foul Ball, location: 2F
1-1: Ball
2-1: Swinging Strike
2-2: Strikes out swinging
Top of the 6th over - 1 run, 3 hits, 0 errors, 2 left on base; Cleveland 1 - Pittsburgh 2
BOTTOM OF THE 6TH
Pittsburgh Pirates batting - Pitching for Cleveland Indians : RHP Dusty Sloan
Batting: RHB Chet Ross 0-0: Ball
1-0: Called Strike
1-1: Ball
2-1: Fly out, F8 (Flyball, 89D, EV 85.0 MPH)
Batting: SHB Michael Shatley 0-0: Ball
1-0: Called Strike
1-1: Foul Ball, location: 2F
1-2: Ball
2-2: Strikes out swinging
Batting: LHB Rey Esparza 0-0: Called Strike
0-1: Ground out 6-3 (Groundball, 6, EV 83.1 MPH)
Bottom of the 6th over - 0 runs, 0 hits, 0 errors, 0 left on base; Cleveland 1 - Pittsburgh 2
TOP OF THE 7TH
Cleveland Indians batting - Pitching for Pittsburgh Pirates : RHP B.J. Álvarez
Pinch Hitting: LHB Thomas Pendleton 0-0: Called Strike
0-1: SINGLE (Groundball, 4D, EV 103.1 MPH)
Batting: LHB Paquito Peña 0-0: Foul Ball, location: 5F
0-1: Ball
1-1: Swinging Strike
1-2: Foul Ball, location: 2F
1-2: Strikes out swinging
Batting: RHB Chia-Wei Ni 0-0: Swinging Strike
0-1: Swinging Strike
0-2: Foul Ball, location: 3FF
0-2: Strikes out swinging
Batting: RHB Antony Olguin 0-0: Ball
1-0: Swinging Strike
1-1: Swinging Strike
Balk!
Thomas Pendleton to second
1-2: Foul Ball, location: 3SF
1-2: Foul Ball, location: 7LMF
1-2: Foul Ball, location: 9LDF
1-2: Hit by Pitch
Pitching: LHP Aroldis Pérez
Batting: LHB Jonathan DeMarino 0-0: Ball
1-0: Swinging Strike
1-1: Ground out 4-3 (Groundball, 34, EV 84.4 MPH)
Top of the 7th over - 0 runs, 1 hit, 0 errors, 2 left on base; Cleveland 1 - Pittsburgh 2
BOTTOM OF THE 7TH
Pittsburgh Pirates batting - Pitching for Cleveland Indians : RHP Dusty Sloan
Now at 2B: Thomas Pendleton
Now at SS: Chia-Wei Ni
Batting: LHB Chase Veliz 0-0: Ball
1-0: Called Strike
1-1: Swinging Strike
1-2: Strikes out swinging
Pitching: LHP Mário Abrão
Batting: RHB Caleb Phillips 0-0: Ball
1-0: Called Strike
1-1: Ball
2-1: Ball
3-1: Base on Balls
Batting: LHB Dan Crain 0-0: Ball
1-0: Swinging Strike
1-1: Fielders Choice at 2nd, 4-6 (Groundball, 4, EV 80.6 MPH)
Batting: RHB David Dudley 0-0: Called Strike
0-1: Foul Ball, location: 2F
0-2: Strikes out looking
Bottom of the 7th over - 0 runs, 0 hits, 0 errors, 1 left on base; Cleveland 1 - Pittsburgh 2
TOP OF THE 8TH
Cleveland Indians batting - Pitching for Pittsburgh Pirates : LHP Aroldis Pérez
Batting: RHB Franklin Bailey 0-0: Ground out 5-3 (Groundball, 5, EV 104.4 MPH)
Batting: LHB Harrison Waite 0-0: Called Strike
0-1: Foul Ball, location: 7LMF
0-2: Ball
1-2: SINGLE (Line Drive, 9S, EV 90.0 MPH)
Batting: LHB Anibal Gaines 0-0: Called Strike
0-1: Foul Ball, location: 2F
0-2: Foul Ball, location: 9LMF
0-2: Foul Ball, location: 7LMF
0-2: Strikes out looking
Batting: RHB Uriel Roberts 0-0: Foul Ball, location: 5F
0-1: Ball
1-1: Ball
2-1: Ball
3-1: Called Strike
3-2: SINGLE (Groundball, 6MD, EV 109.4 MPH) (infield hit)
Harrison Waite to second
Pinch Hitting: RHB Chuck Mullenix 0-0: Ball
1-0: Swinging Strike
1-1: Foul Ball, location: 3FF
1-2: Ball
2-2: Foul Ball, location: 5FF
2-2: Strikes out swinging
Top of the 8th over - 0 runs, 2 hits, 0 errors, 2 left on base; Cleveland 1 - Pittsburgh 2
BOTTOM OF THE 8TH
Pittsburgh Pirates batting - Pitching for Cleveland Indians : LHP Mário Abrão
Now at 2B: Cowboy Beyer
Batting: LHB Jim Lunsford 0-0: Ball
1-0: Ball
2-0: Called Strike
2-1: Swinging Strike
2-2: Strikes out swinging
Batting: LHB Eric Gehman 0-0: Ball
1-0: Called Strike
1-1: Ball
2-1: Ball
3-1: SINGLE (Groundball, 56D, EV 102.5 MPH)
Batting: RHB Chet Ross 0-0: Ball
1-0: Called Strike
1-1: Ball
2-1: Foul Ball, location: 2F
2-2: Strikes out swinging
Batting: SHB Michael Shatley 0-0: Ball
1-0: Foul Ball, location: 23F
1-1: Foul Ball, location: 2F
1-2: Ball
2-2: Foul Ball, location: 25F
2-2: Strikes out swinging
Bottom of the 8th over - 0 runs, 1 hit, 0 errors, 1 left on base; Cleveland 1 - Pittsburgh 2
TOP OF THE 9TH
Cleveland Indians batting - Pitching for Pittsburgh Pirates : LHP Aroldis Pérez
Pitching: RHP Brayden Cass
Now at 1B: Eric Gehman
Now at 3B: Caleb Phillips
Now at SS: Rudy Hughes
Pinch Hitting: LHB Reuben Brellana 0-0: Swinging Strike
0-1: Ball
1-1: SINGLE (Line Drive, 8RS, EV 105.6 MPH)
Batting: RHB Chia-Wei Ni 0-0: 2-RUN HOME RUN (Flyball, 78XD, EV 113.1 MPH), Distance : 462 ft
Batting: RHB Antony Olguin 0-0: Ball
1-0: Called Strike
1-1: Swinging Strike
1-2: Ball
2-2: Ball
3-2: Ground out U3 (Groundball, 3, EV 90.6 MPH)
Batting: LHB Jonathan DeMarino 0-0: Ball
1-0: Foul Ball, location: 3F
1-1: SINGLE (Flyball, 89M, EV 86.9 MPH)
Batting: RHB Franklin Bailey 0-0: Ball
1-0: Ball
2-0: Ball
3-0: Base on Balls
Jonathan DeMarino to second
Batting: LHB Harrison Waite 0-0: Called Strike
0-1: SINGLE (Line Drive, 7S, EV 99.4 MPH)
Jonathan DeMarino to third
Franklin Bailey to second
Batting: LHB Anibal Gaines 0-0: Grounds into fielders choice 4-2 (Groundball, P, EV 83.1 MPH)
Franklin Bailey to third
Harrison Waite to second
Batting: RHB Uriel Roberts 0-0: Fly out, F7 (Flyball, 7LS, EV 90.6 MPH)
Top of the 9th over - 2 runs, 4 hits, 0 errors, 3 left on base; Cleveland 3 - Pittsburgh 2
BOTTOM OF THE 9TH
Pittsburgh Pirates batting - Pitching for Cleveland Indians : LHP Mário Abrão
Pitching: RHP Sebastian Sienkiewicz
Now at C: Bryce Rudzinski
Batting: LHB Rey Esparza 0-0: Swinging Strike
0-1: Foul Ball, location: 2F
0-2: Ball
1-2: Ball
2-2: Foul Ball, location: 2F
2-2: Ball
3-2: Strikes out swinging
Batting: LHB Chase Veliz 0-0: Ball
1-0: Fly out, F8 (Flyball, 8LD, EV 111.9 MPH)
Pinch Hitting: LHB P.J. Rey 0-0: Called Strike
0-1: Foul Ball, location: 2F
0-2: Foul Ball, location: 2F
0-2: Ground out 6-3 (Groundball, 6, EV 79.4 MPH)
Bottom of the 9th over - 0 runs, 0 hits, 0 errors, 0 left on base; Cleveland 3 - Pittsburgh 2
Friday, March 29th , 2024 - OOTP Baseball 24.11 Build 85